 Dungeon Crawl Stone Soup version 0.30.1-3-gfc49f6343a (webtiles) character file.

Game seed: 14019821941844482498

789 DemonSlayer the Digger (level 7, -3/48 HPs)
             Began as a Demonspawn Earth Elementalist on July 24, 2023.
             Slain by Duvessa
             ... wielding a +0 short sword
              (16 damage)
             ... on level 4 of the Dungeon.
             The game lasted 00:10:48 (4298 turns).

DemonSlayer the Digger (DsEE)                       Turns: 4298, Time: 00:10:49

Health: -3/48      AC:  5    Str:  7    XL:     7   Next: 56%
Magic:  13/15      EV: 12    Int: 13    God:
Gold:   358        SH:  0    Dex: 15    Spells: 3/16 levels left

rFire   . . .        h - +0 dagger
rCold   . . .        (no shield)
rNeg    + + +        j - +0 leather armour of Discretion {rN+++ Regen+ Str-2 Int-3}
rPois   .            (helmet restricted)
rElec   .            n - scarf {shadows}
rCorr   .            d - +0 pair of gloves
SInv    .            (no boots)
Will    .....        (no amulet)
Stlth   +            u - +4 ring of slaying
HPRegen 1.08/turn    (no ring)
MPRegen 0.14/turn

%: no passive effects
@: confused, ambrosia-drunk, hasted, very quick
A: horns 1, rugged brown scales 1, spiny 1
a: no special abilities


You were on level 4 of the Dungeon.
You visited 1 branch of the dungeon, and saw 5 of its levels.

You collected 358 gold pieces.

Inventory:

Hand Weapons
 h - a +0 dagger (weapon)
Armour
 d - a +0 pair of gloves (worn)
 j - the +0 leather armour of Discretion (worn) {rN+++ Regen+ Str-2 Int-3}
   (You found it on level 5 of the Dungeon)

   Str:       It affects your strength (-2).
   Int:       It affects your intelligence (-3).
   rN:        It renders you almost immune to negative energy.
   Regen:     It increases your rate of health regeneration.
 n - a scarf of shadows (worn)
Jewellery
 u - a +4 ring of slaying (left hand)
Wands
 b - a wand of flame (9)
Scrolls
 c - 2 scrolls of teleportation
 o - 3 scrolls of enchant armour
 p - a scroll of poison
 t - a scroll of enchant weapon {unknown}
Potions
 e - a potion of degeneration {unknown}
 f - 2 potions of flight {unknown}
 g - 3 potions of curing
 i - a potion of magic
 k - a potion of invisibility {unknown}
 l - 3 potions of ambrosia
 m - a potion of haste
 q - 4 potions of brilliance {unknown}
 r - a potion of mutation {unknown}
 s - a potion of heal wounds {unknown}
 v - a potion of attraction {unknown}


   Skills:
 + Level 0.6 Fighting
 + Level 0.8 Short Blades
 + Level 2.3 Dodging
 + Level 2.5 Stealth
 + Level 5.3 Spellcasting
 + Level 1.3 Conjurations
 + Level 0.8 Transmutations
 + Level 5.5 Earth Magic
 + Level 0.6 Evocations


You had 3 spell levels left.
You knew the following spells:

 Your Spells              Type           Power      Damage    Failure   Level
a - Sandblast             Erth           34%        2d9       2%          1
b - Stone Arrow           Conj/Erth      24%        3d8       21%         3
c - Passwall              Tmut/Erth      9%         N/A       11%         2
d - Petrify               Tmut/Erth      11%        N/A       58%         4
e - Mephitic Cloud        Conj/Pois/Air  4%         N/A       56%         3

Your spell library contained the following spells:

 Spells                   Type           Power      Damage    Failure   Level
 Poisonous Vapours        Pois/Air       6%         N/A       38%         2
 Freezing Cloud           Conj/Ice/Air   2%         6-21      99%         5


Dungeon Overview and Level Annotations

Branches:
Dungeon (5/15)
 Temple: D:4-7

Altars:
Ashenzari
Hepliaklqana
Vehumet
Xom

Shops:
D:1 *   D:2 :

Annotations:
D:4 Duvessa


Innate Abilities, Weirdness & Mutations

You have a pair of small horns on your head.
You are partially covered in rugged brown scales. (AC +1, +3% HP)
You are partially covered in sharp spines.


Message History

You finish putting on the +0 leather armour of Discretion {rN+++ Regen+ Str-2 Int-3}.
The leather armour of Discretion throbs as it attunes itself to your uninjured body.
You feel weaker.
You feel stupid.
You drop a +1 robe.
Done exploring.
Done exploring.
Done exploring.
There is an open door here.
There is an open door here.
There is an open door here.
There is a stone staircase leading up here.
You climb upwards.
Level annotation: Duvessa Duvessa goes berserk!
Duvessa closely misses you. Duvessa barely misses you.
There is a stone staircase leading down, spattered with blood here.
The stone arrow hits Duvessa!
Duvessa is moderately wounded.
Duvessa is struck by your spines. Duvessa completely misses you.
Duvessa hits you with a +0 short sword!
The stone arrow misses Duvessa.
Duvessa is struck by your spines. Duvessa hits you with a +0 short sword.
The stone arrow misses Duvessa.
Duvessa hits you with a +0 short sword! Duvessa hits you with a +0 short sword.
The stone arrow hits Duvessa!
Duvessa is heavily wounded.
Duvessa hits you with a +0 short sword!
* * * LOW HITPOINT WARNING * * *
You feel yourself speed up. Duvessa hits you but does no damage.
Duvessa barely misses you.
It was a potion of ambrosia.
You are confused.
You feel invigorated. Duvessa is struck by your spines.
Duvessa hits you with a +0 short sword!
* * * LOW HITPOINT WARNING * * *
You bump into the rock wall.
You're too confused to move!
Duvessa barely misses you.
You closely miss Duvessa.
Duvessa is heavily wounded.
Duvessa hits you with a +0 short sword!
You die...

#.# .# #.## .# ...# #.#
...# #.#
..(##########.##
...#.......#...## ##.
...#.###....(...# ....
.........#......##.....
.....)...#.....e@$.....
.........#.....###.....
.....##..#..$....# ....
...#..........##.# ...
...#.##.##..#.# .# ##
...#.##.......# #
...#.#####..### .....#
#..# .....# #..(


You could see Duvessa (berserk).

Vanquished Creatures
  Sigmund (D:5)
  2 ice beasts (D:5)
  Dowan (D:4)
  A howler monkey (D:5)
  2 hounds
  2 orc priests (D:4)
  Ijyb (D:3)
  Jessica (D:3)
  6 gnolls
  5 adders
  4 worms
  12 orcs
  5 ball pythons (D:1)
  4 endoplasms
  4 giant cockroaches
  3 hobgoblins
  3 quokkas
  5 bats
  6 frilled lizards
  4 goblins
  4 kobolds
  5 rats
81 creatures vanquished.

Notes
Turn   | Place    | Note
-------+----------+-------------------------------------------
     0 | D:1      | DemonSlayer the Demonspawn Earth Elementalist began the
                  | quest for the Orb.
     0 | D:1      | Reached XP level 1. HP: 13/13 MP: 3/3
   319 | D:1      | Gained mutation: You are partially covered in rugged brown
                  | scales. (AC +1, +3% HP) [demonic ancestry]
   319 | D:1      | Reached XP level 2. HP: 13/19 MP: 3/5
   661 | D:1      | Found Jiehus's General Store.
  1019 | D:2      | Reached XP level 3. HP: 24/24 MP: 6/6
  1079 | D:2      | Learned a level 3 spell: Stone Arrow
  1082 | D:2      | Learned a level 2 spell: Passwall
  1268 | D:2      | Found Gohivet's Book Emporium.
  1514 | D:2      | You fall into a shaft and drop 2 floors!
  1558 | D:4      | Noticed Duvessa
  1580 | D:5      | Entered Level 5 of the Dungeon
  1657 | D:3      | Reached XP level 4. HP: 30/30 MP: 5/8
  1981 | D:3      | Noticed Jessica
  1982 | D:3      | Noticed Ijyb
  1999 | D:3      | Killed Ijyb
  2379 | D:3      | Gained mutation: You are partially covered in sharp spines.
                  | [demonic ancestry]
  2379 | D:3      | Reached XP level 5. HP: 36/36 MP: 10/10
  2499 | D:3      | Found a burning altar of Makhleb.
  2500 | D:3      | Found a shimmering altar of Xom.
  2500 | D:3      | Found a shimmering altar of Xom.
  2503 | D:3      | Found a broken altar of Ashenzari.
  2503 | D:3      | Found a hazy altar of Hepliaklqana.
  2503 | D:3      | Found a radiant altar of Vehumet.
  2530 | D:3      | Learned a level 4 spell: Petrify
  2544 | D:3      | Killed Jessica
  2840 | D:4      | Reached XP level 6. HP: 26/43 MP: 2/12
  3006 | D:4      | Noticed Dowan
  3023 | D:4      | Killed Dowan
  3290 | D:5      | Noticed an ice beast
  3297 | D:5      | Killed an ice beast
  3385 | D:5      | Reached skill level 5 in Earth Magic
  3387 | D:5      | Gained mutation: You have a pair of small horns on your
                  | head. [demonic ancestry]
  3387 | D:5      | Reached XP level 7. HP: 48/48 MP: 1/14
  3570 | D:5      | Reached skill level 5 in Spellcasting
  3686 | D:5      | Noticed Sigmund
  3689 | D:5      | Killed Sigmund
  3690 | D:5      | Reached skill level 1 in Conjurations
  3899 | D:5      | Identified the +0 leather armour of Discretion {rN+++
                  | Regen+ Str-2 Int-3}
  4192 | D:5      | Learned a level 3 spell: Mephitic Cloud
  4298 | D:4      | Slain by Duvessa

Illustrated notes

Levels and vault maps discovered:
D:1:      spicycebolla_arrival_ecumenical, layout_basic, serial_shops,
          nicolae_shop_real_fake_doors, minmay_misc_feat_enclosed,
          grunt_decor_one_mirror, st_stairs_7
D:2:      layout_rooms, serial_shops, shop
D:3:      layout_loops_ring, doesnt_xom_only_xom, kennysheep_generic_room_12,
          uniq_jessica, uniq_ijyb
D:4:      layout_loops_cross, mainiacjoe_overflow_big_doors, uniq_duvessa
D:5:      layout_gridville, uniq_sigmund

Skill      XL: |  1  2  3  4  5  6  7 |
---------------+----------------------+-----
Earth Magic    | 3 4 5 |  5.5
Stealth        | 2 |  2.5
Spellcasting   | 3 4 5 |  5.3
Dodging        | 2 |  2.3
Conjurations   | 1 |  1.3
Fighting       | |  0.6
Short Blades   | |  0.8
Transmutations | |  0.8
Evocations     | |  0.6

Action                     |  1- 3 |  4- 6 |  7- 9 || total
---------------------------+-------+-------+-------++-------
  Melee: Dagger            |    18 |    10 |     7 ||    35
         Headbutt          |       |       |     1 ||     1
  Throw: Throwing net      |       |     1 |       ||     1
   Cast: Sandblast         |    51 |    65 |       ||   116
         Stone Arrow       |       |     7 |    14 ||    21
  Evoke: Wand              |       |     5 |       ||     5
    Use: Potion            |       |     1 |     2 ||     3
         Scroll            |       |     8 |     1 ||     9
   Stab: Sleeping          |     5 |     4 |       ||     9
 Armour: Robe              |    10 |     6 |     1 ||    17
         Leather armour    |       |       |     1 ||     1
  Dodge: Dodged            |    27 |    26 |     8 ||    61
